TOP OF THE 1ST |
Idaho Falls Chukars batting - Pitching for Spokane Indians : LHP Valery Sahanov
|
Pitching: LHP Valery Sahanov
|
|
Batting: RHB Kevin Wimberly
|
0-0: Ball 1-0: Ball 2-0: Ground out 6-3 (Groundball, 6, EV 86.2 MPH)
|
Batting: LHB Josh Dalton
|
0-0: Called Strike 0-1: Foul Ball, location: 2F 0-2: Strikes out looking
|
Batting: RHB Edwin Ramos
|
0-0: Called Strike 0-1: Ground out 6-3 (Groundball, 6, EV 101.9 MPH)
|
Top of the 1st over - 0 runs, 0 hits, 0 errors, 0 left on base; Idaho Falls 0 - Spokane 0 |
BOTTOM OF THE 1ST |
Spokane Indians batting - Pitching for Idaho Falls Chukars : RHP Tony Jimenez
|
Pitching: RHP Tony Jimenez
|
|
Batting: LHB Gabriel Graves
|
0-0: Ball 1-0: Swinging Strike 1-1: Foul Ball, location: 2F 1-2: Ground out 6-3 (Groundball, 6M, EV 82.5 MPH)
|
Batting: SHB Kaname Fujimoto
|
0-0: Foul Ball, location: 2F 0-1: Ball 1-1: Called Strike 1-2: Ball 2-2: Foul Ball, location: 2F 2-2: Foul Ball, location: 2F 2-2: Ball 3-2: Base on Balls
|
Batting: RHB Lupe Covarrubias
|
0-0: Foul Ball, location: 2F 0-1: Called Strike 0-2: Ball 1-2: Strikes out looking
|
Batting: RHB Luke Stark
|
0-0: Ground out 4-3 (Groundball, 4, EV 81.9 MPH)
|
Bottom of the 1st over - 0 runs, 0 hits, 0 errors, 1 left on base; Idaho Falls 0 - Spokane 0 |
TOP OF THE 2ND |
Idaho Falls Chukars batting - Pitching for Spokane Indians : LHP Valery Sahanov
|
Batting: RHB Chance Argy
|
0-0: Ball 1-0: Called Strike 1-1: SINGLE (Line Drive, 89S, EV 104.4 MPH)
|
Batting: LHB Randy Stapleton
|
0-0: Foul Ball, location: 2F 0-1: Called Strike 0-2: Strikes out swinging
|
Batting: LHB Danny Pacheco
|
0-0: Ball 1-0: SINGLE (Line Drive, 5D, EV 98.8 MPH) Chance Argy to second
|
Batting: SHB Marcos Cortez
|
0-0: Ball 1-0: Ball 2-0: Grounds into double play, 4-6-3 (Groundball, 4, EV 77.5 MPH)
|
Top of the 2nd over - 0 runs, 2 hits, 0 errors, 1 left on base; Idaho Falls 0 - Spokane 0 |
BOTTOM OF THE 2ND |
Spokane Indians batting - Pitching for Idaho Falls Chukars : RHP Tony Jimenez
|
Batting: LHB Dave Doughty
|
0-0: Ground out 4-3 (Groundball, 4, EV 100.6 MPH)
|
Batting: RHB Matt Strong
|
0-0: Ball 1-0: Swinging Strike 1-1: Ball 2-1: Ball 3-1: Base on Balls
|
Batting: RHB Darnell Jones
|
0-0: Called Strike 0-1: Called Strike Matt Strong is caught stealing 2nd base 2-4 0-2: Ball 1-2: Ground out 4-3 (Groundball, 4, EV 89.4 MPH)
|
Bottom of the 2nd over - 0 runs, 0 hits, 0 errors, 0 left on base; Idaho Falls 0 - Spokane 0 |
TOP OF THE 3RD |
Idaho Falls Chukars batting - Pitching for Spokane Indians : LHP Valery Sahanov
|
Batting: RHB Shane Bruce
|
0-0: Ball 1-0: Called Strike 1-1: Ball 2-1: Called Strike 2-2: Foul Ball, location: 2F 2-2: Foul Ball, location: 2F 2-2: Strikes out swinging
|
Batting: RHB Timotheus Cooper
|
0-0: Swinging Strike 0-1: Ball 1-1: Ball 2-1: Foul Ball, location: 2F 2-2: Ball 3-2: Foul Ball, location: 2F 3-2: Foul Ball, location: 2F 3-2: Strikes out swinging
|
Batting: RHB Kevin Wimberly
|
0-0: Called Strike 0-1: Foul Ball, location: 2F 0-2: Foul Ball, location: 2F 0-2: Foul Ball, location: 2F 0-2: Foul Ball, location: 2F 0-2: Foul Ball, location: 2F 0-2: Strikes out looking
|
Top of the 3rd over - 0 runs, 0 hits, 0 errors, 0 left on base; Idaho Falls 0 - Spokane 0 |
BOTTOM OF THE 3RD |
Spokane Indians batting - Pitching for Idaho Falls Chukars : RHP Tony Jimenez
|
Batting: RHB Luis Reyna
|
0-0: Called Strike 0-1: Ground out 6-3 (Groundball, 6M, EV 100.0 MPH)
|
Batting: RHB Herb Craig
|
0-0: Fly out, F8 (Flyball, 8RXD, EV 103.1 MPH)
|
Batting: LHB Gabriel Graves
|
0-0: Called Strike 0-1: Foul Ball, location: 2F 0-2: Ball 1-2: Ground out 1-3 (Groundball, 34S, EV 71.2 MPH)
|
Bottom of the 3rd over - 0 runs, 0 hits, 0 errors, 0 left on base; Idaho Falls 0 - Spokane 0 |
TOP OF THE 4TH |
Idaho Falls Chukars batting - Pitching for Spokane Indians : LHP Valery Sahanov
|
Batting: LHB Josh Dalton
|
0-0: Ball 1-0: Foul Ball, location: 2F 1-1: Swinging Strike 1-2: Strikes out swinging
|
Batting: RHB Edwin Ramos
|
0-0: Foul Ball, location: 2F 0-1: SOLO HOME RUN (Flyball, 78XD, EV 98.1 MPH), Distance : 396 ft
|
Batting: RHB Chance Argy
|
0-0: Ball 1-0: Ball 2-0: Swinging Strike 2-1: Ball 3-1: Called Strike 3-2: Foul Ball, location: 2F 3-2: Foul Ball, location: 2F 3-2: Base on Balls
|
Batting: LHB Randy Stapleton
|
0-0: Called Strike 0-1: Ball 1-1: Ball 2-1: Swinging Strike 2-2: Strikes out swinging
|
Batting: LHB Danny Pacheco
|
0-0: Called Strike 0-1: Ball 1-1: Ground out U3 (Groundball, 3L, EV 91.2 MPH)
|
Top of the 4th over - 1 run, 1 hit, 0 errors, 1 left on base; Idaho Falls 1 - Spokane 0 |
BOTTOM OF THE 4TH |
Spokane Indians batting - Pitching for Idaho Falls Chukars : RHP Tony Jimenez
|
Batting: SHB Kaname Fujimoto
|
0-0: Ball 1-0: Called Strike 1-1: Ball 2-1: Foul Ball, location: 2F 2-2: Foul Ball, location: 2F 2-2: Foul Ball, location: 2F 2-2: SINGLE (Line Drive, 3D, EV 99.4 MPH)
|
Batting: RHB Lupe Covarrubias
|
0-0: Ball 1-0: Ball 2-0: Ball 3-0: Base on Balls Kaname Fujimoto to second
|
Batting: RHB Luke Stark
|
0-0: Called Strike 0-1: Ball 1-1: SINGLE (Line Drive, 34D, EV 104.4 MPH) Kaname Fujimoto to third Lupe Covarrubias to second Runner from 3rd tries for Home, SAFE, throw by RF to home
|
Batting: LHB Dave Doughty
|
0-0: Ball 1-0: Ball Passed Ball! Lupe Covarrubias to third Luke Stark to second 2-0: Ball 3-0: Called Strike 3-1: Foul Ball, location: 2F 3-2: SINGLE (Groundball, 34, EV 93.8 MPH) Lupe Covarrubias scores Luke Stark to third
|
Batting: RHB Matt Strong
|
0-0: Ball 1-0: Called Strike 1-1: Ball 2-1: Fielders Choice at 2nd, 1-6 (Groundball, 13, EV 69.4 MPH)
|
Batting: RHB Darnell Jones
|
0-0: Called Strike 0-1: Ball 1-1: Fly out, F7 (Flyball, 78M, EV 89.4 MPH) Runner from 3rd tags up, SCORES, throw by LF
|
Batting: RHB Luis Reyna
|
0-0: Ball Matt Strong is caught stealing 2nd base 2-4
|
Bottom of the 4th over - 3 runs, 3 hits, 0 errors, 0 left on base; Idaho Falls 1 - Spokane 3 |
TOP OF THE 5TH |
Idaho Falls Chukars batting - Pitching for Spokane Indians : LHP Valery Sahanov
|
Batting: SHB Marcos Cortez
|
0-0: Ball 1-0: Ball 2-0: Foul Ball, location: 2F 2-1: Foul Ball, location: 2F 2-2: Ball 3-2: SINGLE (Line Drive, 34, EV 105.0 MPH)
|
Batting: RHB Shane Bruce
|
0-0: Ball 1-0: Foul Ball, location: 2F 1-1: SINGLE (Groundball, 5S, EV 65.0 MPH) (infield hit) Marcos Cortez to second
|
Batting: RHB Timotheus Cooper
|
0-0: Ball 1-0: Ball 2-0: Swinging Strike 2-1: Swinging Strike 2-2: Ball 3-2: Strikes out swinging
|
Batting: RHB Kevin Wimberly
|
0-0: Foul Ball, location: 2F 0-1: Ball 1-1: Ball 2-1: Foul Ball, location: 2F 2-2: Strikes out swinging
|
Batting: LHB Josh Dalton
|
0-0: Called Strike 0-1: Called Strike 0-2: Strikes out looking
|
Top of the 5th over - 0 runs, 2 hits, 0 errors, 2 left on base; Idaho Falls 1 - Spokane 3 |
BOTTOM OF THE 5TH |
Spokane Indians batting - Pitching for Idaho Falls Chukars : RHP Tony Jimenez
|
Pitching: RHP Bryan Kiefer
|
|
Pinch Hitting: LHB Bob Gilmour
|
0-0: Called Strike 0-1: Ball 1-1: Ball 2-1: Swinging Strike 2-2: Ball 3-2: Foul Ball, location: 2F 3-2: Base on Balls
|
Batting: RHB Herb Craig
|
0-0: Ball 1-0: Foul Ball, location: 2F 1-1: Ball 2-1: Fly out, F9 (Flyball, 9LM, EV 89.4 MPH)
|
Batting: LHB Gabriel Graves
|
0-0: Ball 1-0: Called Strike Bob Gilmour is caught stealing 2nd base 2-6 1-1: Ball 2-1: Ball 3-1: Base on Balls
|
Batting: SHB Kaname Fujimoto
|
0-0: Ball 1-0: Swinging Strike 1-1: SINGLE (Groundball, 4D, EV 105.0 MPH) Gabriel Graves to second Runner from 2nd tries for 3rd, SAFE, throw by CF made to third
|
Pitching: RHP Brett Essary
|
|
Batting: RHB Lupe Covarrubias
|
0-0: Swinging Strike 0-1: Foul Ball, location: 2F 0-2: 3-RUN HOME RUN (Flyball, 9LD, EV 93.1 MPH), Distance : 357 ft
|
Batting: RHB Luke Stark
|
0-0: Ball 1-0: Ball 2-0: Ball 3-0: Base on Balls
|
Batting: LHB Dave Doughty
|
0-0: Ball 1-0: Ball 2-0: Ball 3-0: Called Strike 3-1: Base on Balls Luke Stark to second
|
Batting: RHB Matt Strong
|
0-0: Ball 1-0: Ball 2-0: Ball 3-0: Base on Balls Luke Stark to third Dave Doughty to second
|
Batting: RHB Darnell Jones
|
0-0: Ball 1-0: Foul Ball, location: 2F 1-1: Ball 2-1: Ball 3-1: Swinging Strike 3-2: Base on Balls Luke Stark scores Dave Doughty to third Matt Strong to second
|
Pitching: RHP Mike Galvin
|
|
Batting: LHB Bob Gilmour
|
0-0: SINGLE (Line Drive, 78M, EV 103.1 MPH) Dave Doughty scores Matt Strong to third Darnell Jones to second Runner from 3rd tries for Home, throw by LF and OUT! 7-2
|
Bottom of the 5th over - 5 runs, 3 hits, 0 errors, 2 left on base; Idaho Falls 1 - Spokane 8 |
TOP OF THE 6TH |
Idaho Falls Chukars batting - Pitching for Spokane Indians : LHP Valery Sahanov
|
Now at 1B: Bob Gilmour
|
|
Batting: RHB Edwin Ramos
|
0-0: Ball 1-0: Swinging Strike 1-1: Foul Ball, location: 2F 1-2: Strikes out swinging
|
Batting: RHB Chance Argy
|
0-0: Called Strike 0-1: Ground out 4-3 (Groundball, 4, EV 86.9 MPH)
|
Batting: LHB Randy Stapleton
|
0-0: Foul Ball, location: 2F 0-1: Ball 1-1: Foul Ball, location: 2F 1-2: Strikes out swinging
|
Top of the 6th over - 0 runs, 0 hits, 0 errors, 0 left on base; Idaho Falls 1 - Spokane 8 |
BOTTOM OF THE 6TH |
Spokane Indians batting - Pitching for Idaho Falls Chukars : RHP Mike Galvin
|
Batting: RHB Herb Craig
|
0-0: Foul Ball, location: 2F 0-1: Ball 1-1: Ball 2-1: Ball 3-1: Foul Ball, location: 2F 3-2: SINGLE (Groundball, 56S, EV 61.9 MPH) (infield hit)
|
Batting: LHB Gabriel Graves
|
0-0: Ball 1-0: Ball 2-0: Ball 3-0: Base on Balls Herb Craig to second
|
Batting: SHB Kaname Fujimoto
|
0-0: Ball 1-0: Ball 2-0: Called Strike 2-1: SINGLE (Line Drive, 89S, EV 110.6 MPH) Herb Craig to third Gabriel Graves to second Runner from 3rd tries for Home, SAFE, throw by RF to home
|
Batting: RHB Lupe Covarrubias
|
0-0: Ball 1-0: Called Strike 1-1: Ball 2-1: Ball 3-1: Foul Ball, location: 2F 3-2: Base on Balls Gabriel Graves to third Kaname Fujimoto to second
|
Pitching: RHP Kevin Tumbleson
|
|
Batting: RHB Luke Stark
|
0-0: Ball 1-0: Foul Ball, location: 2F 1-1: Called Strike 1-2: Foul Ball, location: 2F 1-2: Ball 2-2: Ball 3-2: Base on Balls Gabriel Graves scores Kaname Fujimoto to third Lupe Covarrubias to second
|
Batting: LHB Dave Doughty
|
0-0: Ball 1-0: Foul Ball, location: 2F 1-1: Ball 2-1: SINGLE (Groundball, 4D, EV 106.2 MPH) Kaname Fujimoto scores Lupe Covarrubias to third Luke Stark to second Runner from 3rd tries for Home, SAFE, throw by RF to home
|
Batting: RHB Matt Strong
|
0-0: Called Strike 0-1: Ball 1-1: Foul Ball, location: 2F 1-2: DOUBLE (Line Drive, 7LS, EV 103.1 MPH) Luke Stark scores Dave Doughty to third Runner from 3rd tries for Home, SAFE, throw by LF to home
|
Batting: RHB Darnell Jones
|
0-0: Ground out 6-3 (Groundball, 6S, EV 64.4 MPH) Matt Strong to third
|
Batting: LHB Bob Gilmour
|
0-0: SINGLE (Groundball, 34D, EV 97.5 MPH) Matt Strong scores
|
Batting: RHB Herb Craig
|
0-0: Ball 1-0: Swinging Strike 1-1: Ball 2-1: Called Strike 2-2: Foul Ball, location: 2F 2-2: Ball 3-2: Base on Balls Bob Gilmour to second
|
Pitching: LHP Ernesto Abreu
|
|
Batting: LHB Gabriel Graves
|
0-0: Called Strike 0-1: Foul Ball, location: 2F 0-2: Ball 1-2: Ball 2-2: Strikes out swinging
|
Batting: SHB Kaname Fujimoto
|
0-0: Ball Wild Pitch! Bob Gilmour to third Herb Craig to second 1-0: Foul Ball, location: 2F Balk! Bob Gilmour scores Herb Craig to third 1-1: Foul Ball, location: 2F 1-2: Ball 2-2: Ball 3-2: 2-RUN HOME RUN (Flyball, 78XD, EV 103.1 MPH), Distance : 385 ft
|
Batting: RHB Lupe Covarrubias
|
0-0: Ground out 5-3 (Groundball, 5L, EV 77.5 MPH)
|
Bottom of the 6th over - 10 runs, 6 hits, 0 errors, 0 left on base; Idaho Falls 1 - Spokane 18 |
TOP OF THE 7TH |
Idaho Falls Chukars batting - Pitching for Spokane Indians : LHP Valery Sahanov
|
Now in CF: Casper Kersten
|
|
Now in RF: Dave Doughty
|
|
Batting: LHB Danny Pacheco
|
0-0: Ball 1-0: Ground out 6-3 (Groundball, 6, EV 82.5 MPH)
|
Batting: SHB Marcos Cortez
|
0-0: Called Strike 0-1: Ball 1-1: Ball 2-1: Fly out, F5 (Popup, 56, EV 75.6 MPH)
|
Batting: RHB Shane Bruce
|
0-0: Ball 1-0: Called Strike 1-1: Ball 2-1: Ball 3-1: Called Strike 3-2: Fly out, F8 (Line Drive, 8LS, EV 95.6 MPH)
|
Top of the 7th over - 0 runs, 0 hits, 0 errors, 0 left on base; Idaho Falls 1 - Spokane 18 |
BOTTOM OF THE 7TH |
Spokane Indians batting - Pitching for Idaho Falls Chukars : LHP Ernesto Abreu
|
Batting: RHB Luke Stark
|
0-0: Called Strike 0-1: Ball 1-1: Ball 2-1: Ball 3-1: Called Strike 3-2: Base on Balls
|
Batting: LHB Dave Doughty
|
0-0: Ball 1-0: Ball 2-0: Ball 3-0: Base on Balls Luke Stark to second
|
Batting: LHB Casper Kersten
|
0-0: Called Strike 0-1: Fly out, F4 (Line Drive, 4, EV 63.8 MPH)
|
Batting: RHB Darnell Jones
|
0-0: Called Strike 0-1: SINGLE (Line Drive, 34D, EV 93.8 MPH) Luke Stark to third Dave Doughty to second Runner from 3rd tries for Home, SAFE, throw by RF to home
|
Batting: LHB Bob Gilmour
|
0-0: Ball Wild Pitch! Dave Doughty to third Darnell Jones to second 1-0: Foul Ball, location: 2F 1-1: Foul Ball, location: 2F 1-2: Ball 2-2: Ball 3-2: Base on Balls
|
Batting: RHB Herb Craig
|
0-0: Ball 1-0: Ball 2-0: Foul Ball, location: 2F 2-1: Swinging Strike 2-2: Ball Passed Ball! Dave Doughty scores Darnell Jones to third Bob Gilmour to second 3-2: Foul Ball, location: 2F 3-2: SINGLE (Groundball, 3D, EV 97.5 MPH) Darnell Jones scores Bob Gilmour to third
|
Pitching: RHP Sean Hill
|
|
Batting: LHB Gabriel Graves
|
0-0: Called Strike Balk! Bob Gilmour scores Herb Craig to second 0-1: Ball 1-1: Swinging Strike 1-2: Ball 2-2: Foul Ball, location: 2F 2-2: Ball 3-2: Base on Balls
|
Pinch Hitting: RHB Andres Valles
|
0-0: Ball 1-0: Called Strike 1-1: Ball 2-1: Ball 3-1: Swinging Strike 3-2: Strikes out swinging
|
Batting: RHB Lupe Covarrubias
|
0-0: Swinging Strike 0-1: Foul Ball, location: 2F 0-2: Ball 1-2: Foul Ball, location: 2F 1-2: Strikes out swinging
|
Bottom of the 7th over - 4 runs, 2 hits, 0 errors, 2 left on base; Idaho Falls 1 - Spokane 22 |
TOP OF THE 8TH |
Idaho Falls Chukars batting - Pitching for Spokane Indians : LHP Valery Sahanov
|
Pitching: RHP Edgar Saldivar
|
|
Now in LF: Andres Valles
|
|
Batting: RHB Timotheus Cooper
|
0-0: Ball 1-0: Called Strike 1-1: Ball 2-1: Fly out, F8 (Flyball, 78D, EV 97.5 MPH)
|
Batting: RHB Kevin Wimberly
|
0-0: Called Strike 0-1: Swinging Strike 0-2: Ball 1-2: Ball 2-2: Ground out 1-3 (Groundball, P, EV 65.0 MPH)
|
Batting: LHB Josh Dalton
|
0-0: Called Strike 0-1: Called Strike 0-2: Ball 1-2: Foul Ball, location: 2F 1-2: Ball 2-2: Strikes out looking
|
Top of the 8th over - 0 runs, 0 hits, 0 errors, 0 left on base; Idaho Falls 1 - Spokane 22 |
BOTTOM OF THE 8TH |
Spokane Indians batting - Pitching for Idaho Falls Chukars : RHP Sean Hill
|
Batting: RHB Luke Stark
|
0-0: Ball 1-0: Ball 2-0: Swinging Strike 2-1: Ball 3-1: Base on Balls
|
Batting: LHB Dave Doughty
|
0-0: Called Strike 0-1: Ball 1-1: Swinging Strike 1-2: Strikes out swinging
|
Batting: LHB Casper Kersten
|
0-0: Foul Ball, location: 2F 0-1: Swinging Strike 0-2: Ball 1-2: Ball Wild Pitch! Luke Stark to second 2-2: Ground out 6-3 (Groundball, 6, EV 84.4 MPH) Luke Stark to third
|
Batting: RHB Darnell Jones
|
0-0: Ball 1-0: Ball 2-0: Ball 3-0: Base on Balls
|
Batting: LHB Bob Gilmour
|
0-0: Ground out 5-3 (Groundball, 56S, EV 75.0 MPH)
|
Bottom of the 8th over - 0 runs, 0 hits, 0 errors, 2 left on base; Idaho Falls 1 - Spokane 22 |
TOP OF THE 9TH |
Idaho Falls Chukars batting - Pitching for Spokane Indians : RHP Edgar Saldivar
|
Batting: RHB Edwin Ramos
|
0-0: Called Strike 0-1: Ball 1-1: Called Strike 1-2: Strikes out swinging
|
Batting: RHB Chance Argy
|
0-0: Called Strike 0-1: Ground out 4-3 (Groundball, 4, EV 89.4 MPH)
|
Batting: LHB Randy Stapleton
|
0-0: Called Strike 0-1: Ball 1-1: Ground out 6-3 (Groundball, 6M, EV 100.0 MPH)
|
Top of the 9th over - 0 runs, 0 hits, 0 errors, 0 left on base; Idaho Falls 1 - Spokane 22 |
|